 Dungeon Crawl Stone Soup version 0.29.0-4-gdea44cf6ec (webtiles) character file.

Game seed: 8178089951679520881

51 qw the Chopper (level 3, -5/21 HPs)
             Began as a Tengu Warper on Aug 28, 2022.
             Slain by Sigmund
             ... wielding a +3 scythe
              (7 damage)
             ... on level 2 of the Dungeon.
             The game lasted 00:00:08 (1553 turns).

qw the Chopper (Tengu Warper)                       Turns: 1553, Time: 00:00:08

Health: -5/21      AC:  3    Str: 13    XL:     3   Next: 83%
Magic:  7/7        EV: 12    Int: 13    God:
Gold:   43         SH:  0    Dex: 13    Spells: 6/6 levels left

rFire   . . .      SeeInvis .   Y - +0 hand axe
rCold   . . .      Faith    .   (no shield)
rNeg    . . .      Spirit   .   b - +0 leather armour
rPois   .          Reflect  .   (helmet restricted)
rElec   .          Harm     .   (no cloak)
rCorr   .          Rampage  .   (no gloves)
Will    .....                   (boots unavailable)
Stlth   +.........              h - amulet of regeneration
HPRegen 0.87/turn               (no ring)
MPRegen 0.10/turn               (no ring)

@: no status effects
A: beak, talons 3
a: no special abilities


You were on level 2 of the Dungeon.
You visited 1 branch of the dungeon, and saw 2 of its levels.

You collected 43 gold pieces.


Innate Abilities, Weirdness & Mutations

You have a beak for a mouth.
You have claws for feet.


   Skills:
 - Level 2.0 Fighting
 + Level 4.4 Axes
 - Level 1.0 Throwing
 - Level 1.1 Armour
 - Level 2.1 Dodging
 - Level 2.0 Spellcasting
 - Level 2.4 Translocations


You had 6 spell levels left.
You didn't know any spells.
Your spell library contained the following spells:

 Spells                   Type           Power      Damage    Failure   Level
 Blink                    Tloc           14%        N/A       19%         2
 Gell's Gravitas          Tloc           7%         N/A       36%         3
 Lesser Beckoning         Tloc           7%         N/A       36%         3
 Teleport Other           Tloc           7%         N/A       36%         3
 Manifold Assault         Tloc           7%         N/A       98%         5

Inventory:

Hand Weapons
 i - a +0 club
 Y - a +0 hand axe (weapon)
Missiles
 d - 5 boomerangs (quivered)
Armour
 b - a +0 leather armour (worn)
Jewellery
 h - an amulet of regeneration (around neck)
Potions
 a - a potion of degeneration {unknown}
 g - a potion of curing {unknown}

Dungeon Overview and Level Annotations

Branches:
Dungeon (2/15)

Altars:

Annotations:
D:2 Sigmund


Message History

Things that are here:
a +0 dagger; a goblin corpse
a - a glowing amethyst potion
Found a stone staircase leading down.
There is a stone staircase leading down here.
Sigmund the Dreaded comes into view.
He is wielding a +3 scythe.
Sigmund shouts!
Sigmund hits you from afar with a +3 scythe.
You hit Sigmund.
Sigmund is lightly wounded.
Sigmund hits you but does no damage.
You hit Sigmund. You claw Sigmund, but do no damage. Your peck misses Sigmund.
Sigmund is moderately wounded.
Sigmund gestures at you while chanting. The puff of flame hits you.
You closely miss Sigmund. You peck Sigmund, but do no damage.
Sigmund is moderately wounded.
Sigmund closely misses you.
You closely miss Sigmund.
Sigmund is moderately wounded.
Sigmund closely misses you.
You hit Sigmund but do no damage.
Sigmund is moderately wounded.
You hit Sigmund but do no damage. Your peck misses Sigmund.
Sigmund is moderately wounded.
Sigmund casts a spell.
Sigmund flickers and vanishes!
Deactivating autopickup; reactivate with Ctrl-A.
You hit something. Your kick misses something. Something hits you.
You miss something. Your peck misses something. Something hits you!
You hit something. Your kick misses something. Something hits you.
You barely miss something. Your kick misses something.
You barely miss something. Something hits you.
You closely miss something. You claw something. Something hits you!
You die...

#......#####
#.##.......#
#.##.#.###.#
........##.####
#.##.#........#
#.##.#.###:##.#
#..........#
####.......##.#####
# #...)...##..{@.#
# #.......######.#
# #.......#
####.### ##
#.......# #..>...#
.#
#.......###.##.#.#
##
#......##......#.#
##.......<.#.#.####
# ...#..#.#..#.#...
.............#####


There were no monsters in sight!

Vanquished Creatures
  A worm (D:2)
  A dart slug (D:1)
  5 ball pythons
  6 endoplasms (D:1)
  A giant cockroach (D:1)
  7 goblins
  3 hobgoblins
  3 kobolds (D:1)
  A quokka (D:1)
  5 bats (D:1)
  7 rats (D:1)
  A spectral hobgoblin (D:1)
41 creatures vanquished.

Notes
Turn   | Place    | Note
-------+----------+-------------------------------------------
     0 | D:1      | qw the Tengu Warper began the quest for the Orb.
     0 | D:1      | Reached XP level 1. HP: 12/12 MP: 4/4
     0 | D:1      | 0 ||| qw: Version: 0.1-a-89-g26bdef1
     0 | D:1      | 0 ||| qw: Game counter: 2153
     0 | D:1      | 0 ||| qw: Always use a shield: true
     0 | D:1      | 0 ||| qw: God list: Okawaru
     0 | D:1      | 0 ||| qw: Allow faded altars: false
     0 | D:1      | 0 ||| qw: Do Orc after D:15 true
     0 | D:1      | 0 ||| qw: Do second Lair branch before Depths: true
     0 | D:1      | 0 ||| qw: Lair rune preference: random
     0 | D:1      | 0 ||| qw: Plans: Normal
     0 | D:1      | 0 ||| PLANNING D:1-11
   129 | D:1      | 129 ||| Stepping ~*~*~tactically~*~*~ (stealth).
   230 | D:1      | Reached XP level 2. HP: 17/17 MP: 6/6
   259 | D:1      | Reached skill level 3 in Axes
   290 | D:1      | 290 ||| Stepping ~*~*~tactically~*~*~ (stealth).
   512 | D:1      | 512 ||| Stepping ~*~*~tactically~*~*~ (stealth).
   521 | D:1      | 521 ||| Stepping ~*~*~tactically~*~*~ (hiding).
   526 | D:1      | 526 ||| Stepping ~*~*~tactically~*~*~ (stealth).
   527 | D:1      | 527 ||| Stepping ~*~*~tactically~*~*~ (stealth).
   532 | D:1      | Reached XP level 3. HP: 21/21 MP: 7/7
   685 | D:1      | Reached skill level 4 in Axes
   727 | D:1      | 727 ||| Stepping ~*~*~tactically~*~*~ (stealth).
   728 | D:1      | 728 ||| Stepping ~*~*~tactically~*~*~ (stealth).
  1100 | D:1      | Found a faded altar of an unknown god.
  1305 | D:1      | 1305 ||| UPGRADING to amulet of regeneration.
  1310 | D:1      | 1310 ||| READING scroll labelled SYOLOWK URIR.
  1311 | D:1      | 1311 ||| READING 2 scrolls labelled ORCHEP DYIDANGO.
  1312 | D:1      | 1312 ||| DROPPING scroll of blinking.
  1313 | D:1      | 1313 ||| DROPPING scroll of immolation.
  1314 | D:1      | 1314 ||| Stepping randomly (stuck).
  1315 | D:1      | 1315 ||| Stepping ~*~*~tactically~*~*~ (cloud).
  1540 | D:2      | Noticed Sigmund
  1550 | D:2      | HP: 3/21 [something (6)]
  1552 | D:2      | HP: 1/21 [something (4)]
  1553 | D:2      | Slain by Sigmund

Levels and vault maps discovered:
D:1:      dpeg_cavernosity, layout_basic,
          dreamdust_ecumenical_altar_drowned_temple, minmay_heptomino_o4
D:2:      layout_loops_cross, basic_altar, uniq_sigmund

Skill      XL: |  1  2  3 |
---------------+----------+-----
Axes           | 3 4 |  4.4
Fighting       | |  2.0
Throwing       | |  1.0
Armour         | |  1.1
Dodging        | |  2.1
Spellcasting   | |  2.0
Translocations | |  2.4

Action                   || total
-------------------------++-------
Melee: Hand axe          ||    80
       Kick              ||    19
       Peck              ||     9
Throw: Boomerang         ||    41
  Use: Scroll            ||     2
Armor: Leather armour    ||    15
Dodge: Dodged            ||    45

Table legend:
 A = Non-vault XP
 B = Vault XP
 C = Vault XP percentage of total XP
 D = Non-vault monster count
 E = Vault monster count
 F = Vault count percentage of total count
                 A         B        C        D         E       F
            +---------+---------+-------+---------+---------+-------
      Total |      51 |      23 |  31.1 |      28 |      13 |  31.7
            +---------+---------+-------+---------+---------+-------
        D:1 |      41 |      23 |  35.9 |      24 |      13 |  35.1
        D:2 |      10 |       0 |   0.0 |       4 |       0 |   0.0
            +---------+---------+-------+---------+---------+-------
